 Dungeon Crawl Stone Soup version 0.21-a0-369-g397cdb2 (webtiles) character file.

7 CcS the Poker (level 1, -1/19 HPs)
             Began as a Minotaur Monk on Oct 15, 2017.
             Slain by a jackal (2 damage)
             ... on level 1 of the Dungeon.
             The game lasted 00:00:34 (117 turns).

CcS the Poker (Minotaur Monk)                        Turns: 117, Time: 00:00:34

Health: -1/19      AC:  2    Str: 15    XL:     1   Next: 83%
Magic:  0/0        EV: 13    Int:  7    God:
Gold:   0          SH:  0    Dex: 12    Spells: 0/0 levels left

rFire    . . .     SeeInvis .   a - +0 spear
rCold    . . .     Gourm    .   (no shield)
rNeg     . . .     Faith    .   b - +0 robe
rPois    .         Spirit   .   (helmet restricted)
rElec    .         Reflect  .   (no cloak)
rCorr    .         Harm     .   (no gloves)
MR       .....                  (no boots)
Stlth    ++........             (no amulet)
HPRegen  0.06/turn              (no ring)
MPRegen  0.07/turn              (no ring)

@: no status effects
A: retaliatory headbutt, horns 2
a: no special abilities


You were on level 1 of the Dungeon.
You were not hungry.

You visited 1 branch of the dungeon, and saw 1 of its levels.

Inventory:

Hand Weapons
 a - a +0 spear (weapon)
Armour
 b - a +0 robe (worn)
Scrolls
 e - a scroll of identify {unknown}
 g - a scroll of amnesia {unknown}
Potions
 f - a potion of lignification {unknown}
Comestibles
 c - a bread ration {@e1}
 d - a chunk of flesh


   Skills:
 - Level 3.6 Fighting
 + Level 4.2 Polearms
 - Level 3.2 Dodging
 - Level 1.5 Stealth


You couldn't memorise any spells.
You didn't know any spells.

Dungeon Overview and Level Annotations

Branches:
Dungeon (1/15)

Altars:


Innate Abilities, Weirdness & Mutations

You reflexively headbutt those who attack you in melee.
You have a pair of horns on your head.


Message History

You barely miss the jackal. Your headbutt misses the jackal.
The jackal closely misses you. You furiously retaliate!
You headbutt the jackal!
You kill the jackal!
You hit the jackal. The jackal misses you. You furiously retaliate!
You headbutt the jackal, but do no damage.
You barely miss the jackal.
You headbutt the jackal, but do no damage.
The jackal barely misses you.
You barely miss the jackal. The jackal barely misses you. x2
You completely miss the jackal. You headbutt the jackal.
You kill the jackal!
The jackal bites you.
* * * LOW HITPOINT WARNING * * *
You are too injured to fight recklessly!
You are too injured to fight recklessly!
You hit the jackal. The jackal bites you.
* * * LOW HITPOINT WARNING * * *
You closely miss the jackal. The jackal bites you.
You die...

#...............[.......
#.....#.....#..........#
#.....#.....#...(......#
#..)..#######..........#
#...###....##............
#...........+............
#..........##..............
#..........##..............
##'#....##@##..............
#.#....##h##..............
#.#....##'##..............
#.+..........h....#.......
###.............#.#.......
#....#........#.........
#....#........##........
######........##........
#........###.##....


You could see a jackal.

Vanquished Creatures
  A hobgoblin (D:1)
  3 jackals (D:1)
  A frilled lizard (D:1)
  A goblin (D:1)
6 creatures vanquished.

Notes
Turn   | Place    | Note
-------+----------+-------------------------------------------
     0 | D:1      | CcS the Minotaur Monk began the quest for the Orb.
     0 | D:1      | Reached XP level 1. HP: 19/19 MP: 0/0
   106 | D:1      | Reached skill level 4 in Polearms
   117 | D:1      | Slain by a jackal

Vault maps used:
D:1:      minmay_arrival_doors, feat_on_display

Skill      XL: |  1 |
---------------+----+-----
Polearms       | 4 |  4.2
Fighting       | |  3.6
Dodging        | |  3.2
Stealth        | |  1.5

Action                   || total
-------------------------++-------
Melee: Spear             ||    24
       Headbutt          ||     4
Armor: Robe              ||     3
Dodge: Dodged            ||    13

Table legend:
 A = Spawn XP
 B = Non-spawn XP
 C = Spawn XP percentage of total XP
 D = Spawn monster count
 E = Non-spawn monster count
 F = Spawn count percentage of total count
 G = Total turns spent on level
                    A         B        C        D         E        F      G
               +---------+---------+-------+---------+---------+-------+---------
         Total |       0 |      10 |   0.0 |       0 |       6 |   0.0 |   117
               +---------+---------+-------+---------+---------+-------+---------
           D:1 |       0 |      10 |   0.0 |       0 |       6 |   0.0 |   117
               +---------+---------+-------+---------+---------+-------+---------

Vault maps used:
D:1:      minmay_arrival_doors, feat_on_display
